| TOP OF THE 1ST |
|
New Jersey Devils batting - Pitching for Detroit Red Wings : LHP Estêvão Cavadas
|
|
Pitching: LHP Estêvão Cavadas
|
|
|
Batting: SHB Ernesto Mazas
|
0-0: Ball 1-0: Ball 2-0: Swinging Strike 2-1: Ground out 3-1 (Groundball, 34S, EV 66.2 MPH)
|
|
Batting: RHB Eric Zylstra
|
0-0: Swinging Strike 0-1: Ball 1-1: Called Strike 1-2: Strikes out swinging
|
|
Batting: RHB Warren Carmichael
|
0-0: Ball 1-0: Swinging Strike 1-1: Fly out, F8 (Line Drive, 8RD, EV 86.2 MPH)
|
| Top of the 1st over - 0 runs, 0 hits, 0 errors, 0 left on base; New Jersey 0 - Detroit 0 |
| BOTTOM OF THE 1ST |
|
Detroit Red Wings batting - Pitching for New Jersey Devils : LHP Ronnie Stoll
|
|
Pitching: LHP Ronnie Stoll
|
|
|
Batting: RHB António Scarlett
|
0-0: Swinging Strike 0-1: Ball 1-1: Called Strike 1-2: Ball 2-2: Strikes out looking
|
|
Batting: LHB Duda Pinho
|
0-0: Called Strike 0-1: Ball 1-1: Foul Ball, location: 2F 1-2: Strikes out swinging
|
|
Batting: RHB Alex Duarte
|
0-0: Swinging Strike 0-1: Ball 1-1: Called Strike 1-2: Ball 2-2: Ball 3-2: Foul Ball, location: 2F 3-2: Fly out, F4 (Line Drive, 4, EV 63.8 MPH)
|
| Bottom of the 1st over - 0 runs, 0 hits, 0 errors, 0 left on base; New Jersey 0 - Detroit 0 |
| TOP OF THE 2ND |
|
New Jersey Devils batting - Pitching for Detroit Red Wings : LHP Estêvão Cavadas
|
|
Batting: LHB Randolph Brodbeck
|
0-0: SINGLE (Groundball, 6S, EV 62.5 MPH) (infield hit)
|
|
Batting: RHB Craig Alvarado
|
0-0: Foul Ball, location: 2F 0-1: Ball 1-1: Ball 2-1: Foul Ball, location: 2F 2-2: Ball 3-2: Strikes out swinging
|
|
Batting: LHB Rick Vallis
|
0-0: Ball 1-0: Called Strike 1-1: Foul Ball, location: 2F 1-2: Ball 2-2: Foul Ball, location: 2F 2-2: Ball 3-2: Foul Ball, location: 2F 3-2: Strikes out swinging
|
|
Batting: RHB Sergio Andrada
|
0-0: Ball 1-0: Called Strike 1-1: Ball 2-1: Foul Ball, location: 2F 2-2: Ball 3-2: Foul Ball, location: 2F 3-2: Fly out, F7 (Flyball, 7LD, EV 100.6 MPH)
|
| Top of the 2nd over - 0 runs, 1 hit, 0 errors, 1 left on base; New Jersey 0 - Detroit 0 |
| BOTTOM OF THE 2ND |
|
Detroit Red Wings batting - Pitching for New Jersey Devils : LHP Ronnie Stoll
|
|
Batting: RHB Jorge Lebron
|
0-0: DOUBLE (Line Drive, 78D, EV 107.5 MPH)
|
|
Batting: RHB Harry Tugnut
|
0-0: Ball 1-0: Ground out 6-3 (Groundball, 6, EV 110.0 MPH)
|
|
Batting: LHB Ryan Adams
|
0-0: Ball Wild Pitch! Jorge Lebron to third 1-0: Foul Ball, location: 2F 1-1: Foul Ball, location: 2F 1-2: Foul Ball, location: 2F 1-2: Ground out 4-3 (Groundball, 4M, EV 103.8 MPH) Jorge Lebron scores
|
|
Batting: LHB Simon Barry
|
0-0: Ball 1-0: Called Strike 1-1: Called Strike 1-2: Fly out, F7 (Flyball, 7, EV 93.1 MPH)
|
| Bottom of the 2nd over - 1 run, 1 hit, 0 errors, 0 left on base; New Jersey 0 - Detroit 1 |
| TOP OF THE 3RD |
|
New Jersey Devils batting - Pitching for Detroit Red Wings : LHP Estêvão Cavadas
|
|
Batting: RHB Oscar Ramirez
|
0-0: Ball 1-0: Called Strike 1-1: Fly out, F7 (Flyball, 78M, EV 96.9 MPH)
|
|
Batting: LHB Matt Reynolds
|
0-0: Foul Ball, location: 2F 0-1: Ball 1-1: Foul Ball, location: 2F 1-2: Strikes out looking
|
|
Batting: SHB Ernesto Mazas
|
0-0: Called Strike 0-1: Fly out, F8 (Flyball, 8RD, EV 100.6 MPH)
|
| Top of the 3rd over - 0 runs, 0 hits, 0 errors, 0 left on base; New Jersey 0 - Detroit 1 |
| BOTTOM OF THE 3RD |
|
Detroit Red Wings batting - Pitching for New Jersey Devils : LHP Ronnie Stoll
|
|
Batting: RHB Cody Kafer
|
0-0: Ball 1-0: Ground out 1-3 (Groundball, 13, EV 69.4 MPH)
|
|
Batting: SHB Roderick Speed
|
0-0: Ball 1-0: Ball 2-0: Ball 3-0: Base on Balls
|
|
Batting: RHB António Scarlett
|
0-0: Called Strike 0-1: Ball 1-1: Ball 2-1: DOUBLE (Flyball, 78D, EV 96.9 MPH) Roderick Speed to third Runner from 3rd tries for Home, SAFE, throw by LF to trailing runner, SAFE at third!
|
|
Batting: LHB Duda Pinho
|
0-0: Foul Ball, location: 2F 0-1: SINGLE (Groundball, 6S, EV 68.8 MPH) (infield hit) António Scarlett scores
|
|
Batting: RHB Alex Duarte
|
0-0: Ball 1-0: Swinging Strike 1-1: Ball 2-1: Ball 3-1: Swinging Strike 3-2: Strikes out swinging
|
|
Batting: RHB Jorge Lebron
|
0-0: Foul Ball, location: 2F 0-1: Fielders Choice at 2nd, U4 (Groundball, 4M, EV 101.9 MPH)
|
| Bottom of the 3rd over - 2 runs, 2 hits, 0 errors, 1 left on base; New Jersey 0 - Detroit 3 |
| TOP OF THE 4TH |
|
New Jersey Devils batting - Pitching for Detroit Red Wings : LHP Estêvão Cavadas
|
|
Batting: RHB Eric Zylstra
|
0-0: Ball 1-0: Fly out, F3 (Line Drive, 3L, EV 65.0 MPH)
|
|
Batting: RHB Warren Carmichael
|
0-0: Foul Ball, location: 2F 0-1: Ball 1-1: Ball 2-1: Swinging Strike 2-2: Strikes out swinging
|
|
Batting: LHB Randolph Brodbeck
|
0-0: Called Strike 0-1: Ball 1-1: Ball 2-1: TRIPLE (Flyball, 89XD, EV 111.2 MPH)
|
|
Batting: RHB Craig Alvarado
|
0-0: Called Strike 0-1: Fly out, F7 (Flyball, 78S, EV 81.2 MPH)
|
| Top of the 4th over - 0 runs, 1 hit, 0 errors, 1 left on base; New Jersey 0 - Detroit 3 |
| BOTTOM OF THE 4TH |
|
Detroit Red Wings batting - Pitching for New Jersey Devils : LHP Ronnie Stoll
|
|
Batting: RHB Harry Tugnut
|
0-0: Foul Ball, location: 2F 0-1: Ground out 5-3 (Groundball, 5S, EV 86.9 MPH)
|
|
Batting: LHB Ryan Adams
|
0-0: Called Strike 0-1: Ball 1-1: Swinging Strike 1-2: Strikes out swinging
|
|
Batting: LHB Simon Barry
|
0-0: Called Strike 0-1: Called Strike 0-2: Ball 1-2: Ball 2-2: Strikes out swinging
|
| Bottom of the 4th over - 0 runs, 0 hits, 0 errors, 0 left on base; New Jersey 0 - Detroit 3 |
| TOP OF THE 5TH |
|
New Jersey Devils batting - Pitching for Detroit Red Wings : LHP Estêvão Cavadas
|
|
Batting: LHB Rick Vallis
|
0-0: Fly out, F7 (Flyball, 7LM, EV 90.0 MPH)
|
|
Batting: RHB Sergio Andrada
|
0-0: Called Strike 0-1: DOUBLE (Flyball, 8RD, EV 102.5 MPH)
|
|
Batting: RHB Oscar Ramirez
|
0-0: Ball 1-0: SINGLE (Flyball, 4D, EV 90.0 MPH) Sergio Andrada to third
|
|
Batting: LHB Matt Reynolds
|
0-0: Ball 1-0: Swinging Strike 1-1: Called Strike 1-2: Strikes out swinging
|
|
Batting: SHB Ernesto Mazas
|
0-0: Swinging Strike 0-1: Foul Ball, location: 2F 0-2: Fielders Choice at 2nd, 6-4 (Groundball, 6, EV 79.4 MPH)
|
| Top of the 5th over - 0 runs, 2 hits, 0 errors, 2 left on base; New Jersey 0 - Detroit 3 |
| BOTTOM OF THE 5TH |
|
Detroit Red Wings batting - Pitching for New Jersey Devils : LHP Ronnie Stoll
|
|
Batting: RHB Cody Kafer
|
0-0: Ball 1-0: Called Strike 1-1: Foul Ball, location: 2F 1-2: Foul Ball, location: 2F 1-2: Strikes out swinging
|
|
Batting: SHB Roderick Speed
|
0-0: Swinging Strike 0-1: Ground out U3 (Groundball, 34, EV 98.8 MPH)
|
|
Batting: RHB António Scarlett
|
0-0: Foul Ball, location: 2F 0-1: DOUBLE (Line Drive, 78D, EV 104.4 MPH)
|
|
Pitching: RHP Justin Vallis
|
|
|
Batting: LHB Duda Pinho
|
0-0: Ball 1-0: Foul Ball, location: 2F 1-1: Ball 2-1: DOUBLE (Line Drive, 89D, EV 108.1 MPH) António Scarlett scores
|
|
Batting: RHB Alex Duarte
|
0-0: Called Strike 0-1: Foul Ball, location: 2F 0-2: Strikes out swinging, 2-3 out at first.
|
| Bottom of the 5th over - 1 run, 2 hits, 0 errors, 1 left on base; New Jersey 0 - Detroit 4 |
| TOP OF THE 6TH |
|
New Jersey Devils batting - Pitching for Detroit Red Wings : LHP Estêvão Cavadas
|
|
Batting: RHB Eric Zylstra
|
0-0: Ball 1-0: Foul Ball, location: 2F 1-1: Ball 2-1: Swinging Strike 2-2: Ball 3-2: Foul Ball, location: 2F 3-2: Base on Balls
|
|
Batting: RHB Warren Carmichael
|
0-0: SINGLE (Flyball, 78S, EV 94.4 MPH) Eric Zylstra to second
|
|
Batting: LHB Randolph Brodbeck
|
0-0: Called Strike 0-1: Ball 1-1: SINGLE (Line Drive, 8LS, EV 110.0 MPH) Eric Zylstra to third Warren Carmichael to second
|
|
Batting: RHB Craig Alvarado
|
0-0: Ball 1-0: Fly out, F3 (Popup, 3SF, EV 75.0 MPH)
|
|
Batting: LHB Rick Vallis
|
0-0: Foul Ball, location: 2F 0-1: Fly out, F6 (Popup, 6MD, EV 55.6 MPH)
|
|
Batting: RHB Sergio Andrada
|
0-0: Foul Ball, location: 2F 0-1: Ball 1-1: DOUBLE (Line Drive, 78D, EV 107.5 MPH) Eric Zylstra scores Warren Carmichael scores Randolph Brodbeck to third Runner from 3rd tries for Home, throw by CF and OUT! 8-2
|
| Top of the 6th over - 2 runs, 3 hits, 0 errors, 1 left on base; New Jersey 2 - Detroit 4 |
| BOTTOM OF THE 6TH |
|
Detroit Red Wings batting - Pitching for New Jersey Devils : RHP Justin Vallis
|
|
Batting: RHB Jorge Lebron
|
0-0: Ball 1-0: Called Strike 1-1: Called Strike 1-2: Strikes out swinging
|
|
Batting: RHB Harry Tugnut
|
0-0: Ball 1-0: Ball 2-0: Called Strike 2-1: Swinging Strike 2-2: Ball 3-2: Strikes out swinging
|
|
Batting: LHB Ryan Adams
|
0-0: Called Strike 0-1: Fly out, F8 (Flyball, 8RD, EV 91.2 MPH)
|
| Bottom of the 6th over - 0 runs, 0 hits, 0 errors, 0 left on base; New Jersey 2 - Detroit 4 |
| TOP OF THE 7TH |
|
New Jersey Devils batting - Pitching for Detroit Red Wings : LHP Estêvão Cavadas
|
|
Batting: RHB Oscar Ramirez
|
0-0: Called Strike 0-1: Ball 1-1: Foul Ball, location: 2F 1-2: Ground out U3 (Groundball, 34, EV 89.4 MPH)
|
|
Batting: LHB Matt Reynolds
|
0-0: Fly out, F4 (Flyball, 34D, EV 87.5 MPH)
|
|
Batting: SHB Ernesto Mazas
|
0-0: Fly out, F7 (Line Drive, 7S, EV 86.2 MPH)
|
| Top of the 7th over - 0 runs, 0 hits, 0 errors, 0 left on base; New Jersey 2 - Detroit 4 |
| BOTTOM OF THE 7TH |
|
Detroit Red Wings batting - Pitching for New Jersey Devils : RHP Justin Vallis
|
|
Batting: LHB Simon Barry
|
0-0: Swinging Strike 0-1: Foul Ball, location: 2F 0-2: Ball 1-2: Strikes out looking
|
|
Batting: RHB Cody Kafer
|
0-0: Fly out, F8 (Line Drive, 8RM, EV 91.2 MPH)
|
|
Batting: SHB Roderick Speed
|
0-0: Ground out 3-1 (Groundball, 3L, EV 99.4 MPH)
|
| Bottom of the 7th over - 0 runs, 0 hits, 0 errors, 0 left on base; New Jersey 2 - Detroit 4 |
| TOP OF THE 8TH |
|
New Jersey Devils batting - Pitching for Detroit Red Wings : LHP Estêvão Cavadas
|
|
Batting: RHB Eric Zylstra
|
0-0: Called Strike 0-1: Ball 1-1: Ball 2-1: Called Strike 2-2: Strikes out swinging
|
|
Batting: RHB Warren Carmichael
|
0-0: Swinging Strike 0-1: Called Strike 0-2: Strikes out swinging
|
|
Batting: LHB Randolph Brodbeck
|
0-0: Ball 1-0: Foul Ball, location: 2F 1-1: Ball 2-1: Swinging Strike 2-2: Foul Ball, location: 2F 2-2: Ball 3-2: Base on Balls
|
|
Pitching: RHP Mike Valdivia
|
|
|
Pinch Hitting: RHB Kyle Verkamp
|
0-0: Ball 1-0: Ball 2-0: Called Strike 2-1: Ball 3-1: Foul Ball, location: 2F 3-2: Ground out 6-3 (Groundball, 6, EV 101.9 MPH)
|
| Top of the 8th over - 0 runs, 0 hits, 0 errors, 1 left on base; New Jersey 2 - Detroit 4 |
| BOTTOM OF THE 8TH |
|
Detroit Red Wings batting - Pitching for New Jersey Devils : RHP Justin Vallis
|
|
Now at 2B: Jacob Olander
|
|
|
Batting: RHB António Scarlett
|
0-0: Ground out 5-3 (Groundball, 56S, EV 87.5 MPH)
|
|
Batting: LHB Duda Pinho
|
0-0: Called Strike 0-1: Foul Ball, location: 2F 0-2: Foul Ball, location: 2F 0-2: Fly out, F9 (Line Drive, 89M, EV 101.9 MPH)
|
|
Batting: RHB Alex Duarte
|
0-0: Ball 1-0: Ball 2-0: Foul Ball, location: 2F 2-1: Swinging Strike 2-2: Foul Ball, location: 2F 2-2: Foul Ball, location: 2F 2-2: Foul Ball, location: 2F 2-2: Hit by Pitch
|
|
Batting: RHB Jorge Lebron
|
0-0: Ball 1-0: Ball 2-0: Called Strike 2-1: Foul Ball, location: 2F 2-2: Foul Ball, location: 2F 2-2: Fielders Choice at 2nd, 6-4 (Groundball, 6, EV 86.2 MPH)
|
| Bottom of the 8th over - 0 runs, 0 hits, 0 errors, 1 left on base; New Jersey 2 - Detroit 4 |
| TOP OF THE 9TH |
|
New Jersey Devils batting - Pitching for Detroit Red Wings : RHP Mike Valdivia
|
|
Now in LF: John Barton
|
|
|
Pinch Hitting: RHB John Carpenter
|
0-0: Called Strike 0-1: Foul Ball, location: 2F 0-2: Strikes out looking
|
|
Batting: RHB Sergio Andrada
|
0-0: Called Strike 0-1: SOLO HOME RUN (Flyball, 7LD, EV 94.4 MPH), Distance : 360 ft
|
|
Pinch Hitting: RHB Juan Medina
|
0-0: Foul Ball, location: 2F 0-1: Swinging Strike 0-2: Ball 1-2: Foul Ball, location: 2F 1-2: Strikes out swinging
|
|
Pinch Hitting: RHB Isaiah Heath
|
0-0: Called Strike 0-1: Swinging Strike 0-2: Ball 1-2: Foul Ball, location: 2F 1-2: Fly out, F7 (Flyball, 7D, EV 95.6 MPH)
|
| Top of the 9th over - 1 run, 1 hit, 0 errors, 0 left on base; New Jersey 3 - Detroit 4 |
|